AoeStats
← jucca187

Hill Fort

504058227Analyzed
4v4 RM · 1mo ago on Sep 3, 2026· 57m 20s· 8 players
Game mode
Random Map
Map size
Large (8 player)
Population
200
Speed
Normal
Resources
Standard
Victory
Conquest
Starting age
Dark Age
Ending age
Imperial Age
RankedLock teamsTeams togetherTeam positionsShared explorationLock speedFull tech treeHidden civsTurbo modeCheats
Victory
Defeat
🇺🇸 Franks · United States
994
+13
🇵🇱 Poles · Poland
934
+16
🇫🇮 Sicilians · Finland
927
+16
🇮🇹 Hindustanis · Italy
898
+17
🇮🇳 Hindustanis · India
1010
-19
🇮🇳 Franks · India
912
-15
🇮🇳 Portuguese · India
901
-14
🇪🇸 Vietnamese · Spain
884
-14
giancarlo7
11:01 Feudal Age
12:18 Wheelbarrow
11:30 Double-Bit Axe
12:32 Horse Collar
13:31 Stone Mining
13:46 Gold Mining
20:29 Castle Age
18:52 Forging
19:46 Scale Barding Armor
19:44 Scale Mail Armor
20:40 Pikeman
21:21 Squires
23:07 Bow Saw
24:43 Hand Cart
33:50 Imperial Age
31:53 Szlachta Privileges
32:46 Chain Barding Armor
33:03 Chain Mail Armor
33:33 Iron Casting
33:32 Husbandry
34:56 Conscription
35:08 Cavalier
40:06 Plate Mail Armor
41:26 Light Cavalry
44:36 Winged Hussar
47:40 Capped Ram
49:17 Siege Ram
Raptor
13:48 Feudal Age
14:16 Double-Bit Axe
16:07 Loom
18:35 Castle Age
17:15 Double-Bit Axe
17:18 Horse Collar
20:31 Bow Saw
22:39 Bow Saw
27:53 Heavy Plow
32:42 Imperial Age
30:48 Wheelbarrow
34:42 Hand Cart
35:31 Two-Man Saw
35:38 Forging
35:29 Scale Mail Armor
36:09 Bloodlines
37:21 Conscription
38:10 Husbandry
37:32 Heavy Camel Rider
37:40 Pikeman
38:46 Squires
38:32 Arson
39:35 Iron Casting
39:09 Scale Barding Armor
39:27 Chain Mail Armor
42:07 Blast Furnace
42:42 Chain Barding Armor
47:10 Caravan
49:07 Town Watch
48:53 Light Cavalry
49:45 Gold Mining
49:52 Imperial Camel Rider
51:25 Elite Skirmisher
51:42 Imperial Camel Rider
54:03 Thumb Ring
55:27 Plate Barding Armor
54:57 Grand Trunk Road
55:01 Fletching
55:12 Padded Archer Armor
55:19 Padded Archer Armor
55:56 Bodkin Arrow
jucca187
17:48 Feudal Age
16:05 Loom
18:15 Double-Bit Axe
18:13 Horse Collar
22:54 Castle Age
20:54 Gold Mining
20:56 Stone Mining
21:28 Scale Mail Armor
22:00 Forging
23:41 Squires
23:53 Bow Saw
24:23 Wheelbarrow
25:57 Iron Casting
27:28 Fletching
27:26 Elite Skirmisher
30:05 Ballistics
33:56 Bodkin Arrow
37:45 Imperial Age
37:03 Hand Cart
37:52 Pikeman
37:59 Pikeman
39:25 Conscription
41:41 Husbandry
41:54 Scale Barding Armor
42:30 Bloodlines
42:14 Cavalier
44:26 Chain Barding Armor
47:10 Blast Furnace
49:34 Chain Mail Armor
49:55 Plate Barding Armor
50:22 Halberdier
II R3d BaRoN II
0:32 Loom
11:42 Feudal Age
12:14 Double-Bit Axe
13:15 Wheelbarrow
12:27 Town Watch
15:16 Gold Mining
17:10 Stone Mining
24:21 Castle Age
25:06 Forging
24:46 Fletching
25:02 Scale Barding Armor
25:44 Caravan
26:03 Hand Cart
27:52 Gold Shaft Mining
27:25 Town Patrol
27:57 Husbandry
29:28 Iron Casting
28:49 Bodkin Arrow
29:08 Masonry
30:06 Ballistics
29:42 Murder Holes
31:01 Bow Saw
35:06 Chain Barding Armor
37:54 #83
38:33 Scale Mail Armor
42:45 Imperial Age
44:38 Chemistry
44:09 Architecture
43:05 Cavalier
44:53 Blast Furnace
44:29 Plate Barding Armor
45:22 Chivalry
45:43 Conscription
44:44 Elite Throwing Axeman
46:00 Hoardings
46:32 Paladin
PALI
11:40 Feudal Age
15:12 Horse Collar
20:28 Castle Age
18:38 Fletching
20:50 Loom
21:41 Wheelbarrow
21:24 Crossbowman
23:23 Hand Cart
23:06 Bodkin Arrow
23:12 Padded Archer Armor
23:49 Gold Mining
23:47 Double-Bit Axe
24:23 Thumb Ring
26:32 Leather Archer Armor
29:20 Ballistics
35:28 Bow Saw
35:16 Stone Mining
39:01 Pikeman
39:42 Squires
39:46 Scale Mail Armor
39:57 Forging
40:04 Murder Holes
41:35 Heavy Plow
44:12 Imperial Age
49:19 Imperial Age
48:48 Chain Mail Armor
49:08 Iron Casting
49:49 Halberdier
52:20 Plate Mail Armor
Scorp1onK1ng7
10:43 Feudal Age
11:00 Loom
12:04 Double-Bit Axe
18:30 Castle Age
19:28 Bow Saw
19:13 Gold Mining
19:23 Stone Mining
19:22 Town Watch
20:15 Wheelbarrow
21:04 Loom
22:40 Town Patrol
32:54 Imperial Age
32:21 Husbandry
32:37 Scale Barding Armor
33:23 Cavalier
36:32 Chemistry
35:29 Murder Holes
38:14 Chain Barding Armor
38:07 Forging
38:00 Scale Mail Armor
38:51 Caravan
39:22 Coinage
39:52 Chivalry
40:14 Conscription
40:30 Hoardings
42:15 Iron Casting
44:12 Plate Barding Armor
44:38 Blast Furnace
43:54 Chain Mail Armor
43:31 Fletching
43:42 Padded Archer Armor
44:39 Hand Cart
45:41 Gold Shaft Mining
45:15 Paladin
47:28 Elite Throwing Axeman
nini1294
7:18 Loom
10:33 Feudal Age
10:59 Feudal Age
12:54 Double-Bit Axe
14:27 Wheelbarrow
15:09 Horse Collar
19:23 Castle Age
18:22 Fishing Lines
22:29 Gillnets
24:34 Bow Saw
24:15 Town Watch
25:33 Hand Cart
25:51 Bloodlines
25:49 Scale Barding Armor
26:18 Husbandry
29:21 Forging
39:14 Imperial Age
39:19 Gold Mining
39:23 Stone Mining
40:28 Pikeman
41:59 Gold Shaft Mining
41:28 Heavy Camel Rider
42:11 Squires
41:57 Arson
42:41 Chain Barding Armor
42:57 Iron Casting
45:23 Blast Furnace
48:35 Imperial Camel Rider
akbardagr8
0:29 Loom
12:18 Feudal Age
23:24 Castle Age
22:47 Padded Archer Armor
22:38 Fletching
23:57 Stone Mining
28:28 Imperial Age
27:06 Thumb Ring
30:26 Chemistry
31:39 Conscription
31:36 Bodkin Arrow
33:41 Leather Archer Armor
33:33 Gold Mining
35:41 Wheelbarrow
36:03 Fervor
38:05 Coinage
38:55 Hand Cart
38:27 Town Watch
39:10 Arquebus
40:28 Banking
40:33 Ring Archer Armor
54:34 Double-Bit Axe
56:08 Bracer
56:59 Ballistics
Connection lost

Rejoining the realm…

Still unreachable

The connection could not be restored.

Session expired

The server has moved on; the page needs a fresh start.